 Dungeon Crawl Stone Soup version 0.25-a0-424-g80bd347ae0 (webtiles) character file.

Game seed: 10115325618469770756, levelgen mode: deterministic

25 Alfie the Shooter (level 3, -6/27 HPs)
             Began as a Human Hunter on Jan 21, 2020.
             Mangled by a gnoll
             ... wielding a +0 whip
              (8 damage)
             ... on level 1 of the Dungeon.
             The game lasted 00:02:21 (712 turns).

Alfie the Shooter (Human Hunter)                     Turns: 712, Time: 00:02:22

Health: -6/27      AC:  3    Str: 13    XL:     3   Next: 17%
Magic:  3/3        EV: 12    Int: 11    God:
Gold:   46         SH:  0    Dex: 13    Spells: 2/2 levels left

rFire    + . .     SeeInvis .   a - +1 shortbow
rCold    + . .     Gourm    .   (shield currently unavailable)
rNeg     . . .     Faith    .   c - +0 leather armour
rPois    +         Spirit   .   (no helmet)
rElec    +         Reflect  .   (no cloak)
rCorr    +         Harm     .   (no gloves)
MR       .....                  (no boots)
Stlth    +.........             (no amulet)
HPRegen  0.09/turn              (no ring)
MPRegen  0.08/turn              (no ring)

@: resistant
A: no striking features
a: no special abilities


You were on level 1 of the Dungeon.
You were not hungry.

You visited 1 branch of the dungeon, and saw 2 of its levels.

You collected 46 gold pieces.

Inventory:

Hand Weapons
 a - a +1 shortbow (weapon)
 b - a +1 short sword
Armour
 c - a +0 leather armour (worn)
Scrolls
 g - a scroll of fog
 i - 2 scrolls of remove curse
Comestibles
 f - a ration


   Skills:
 + Level 2.2 Fighting
 + Level 4.6 Bows
 + Level 0.1 Armour
 + Level 2.1 Dodging
 + Level 1.0 Stealth


You had 2 spell levels left.
You didn't know any spells.
Your spell library was empty.

Dungeon Overview and Level Annotations

Branches:
Dungeon (2/15)

Altars:


Message History

The gnoll hits you with a +0 whip!
* * * LOW HITPOINT WARNING * * *
Firing (i - inventory)
d - 2 arrows (quivered)
Press: ? - help, Shift-Dir - straight line, f/p - gnoll
Aim: a gnoll, wielding a +0 whip (heavily wounded)
You shoot an arrow. The arrow hits the gnoll.
The gnoll is severely wounded.
The gnoll hits you with a +0 whip.
* * * LOW HITPOINT WARNING * * *
Firing (i - inventory)
d - an arrow (quivered)
Press: ? - help, Shift-Dir - straight line, f/p - gnoll
Aim: a gnoll, wielding a +0 whip (severely wounded)
You shoot an arrow. The arrow barely misses the gnoll.
The gnoll hits you with a +0 whip.
* * * LOW HITPOINT WARNING * * *
It was a potion of cancellation.
You feel magically purged. The gnoll hits you but does no damage.
You feel protected. The gnoll hits you with a +0 whip!
You die...

...# #........#######...... .#.#
#...###### #.#.### .#)# ###.#
#####.#.# .#.# #.# #.......# .#)#
##.## #.......#
.#.##########...#######......###
.#.##..........................##
.#.#..#######...#.....##.##.##.##
.#.##.# ##(g@................
.#.##.########.##.....#####.####.
.#.#...........##.....# #.####.
.#.#..########.####.### #......
.#.##.# ######.####.# ######.
.#.##.# #.........#.# #. .#.##.#
#.####.##.#.############. .#.##.#
#.# #.##.#............#.
.#.##.###.####.##.############.#.


You could see a gnoll.

Vanquished Creatures
  A gnoll (D:2)
  6 bats (D:1)
  A goblin (D:1)
  2 hobgoblins (D:1)
  3 kobolds (D:1)
  A frilled lizard (D:1)
14 creatures vanquished.

Notes
Turn   | Place    | Note
-------+----------+-------------------------------------------
     0 | D:1      | Alfie the Human Hunter began the quest for the Orb.
     0 | D:1      | Reached XP level 1. HP: 16/16 MP: 1/1
   219 | D:1      | Reached XP level 2. HP: 22/22 MP: 2/2
   699 | D:2      | Reached XP level 3. HP: 27/27 MP: 3/3
   712 | D:1      | Mangled by a gnoll

Levels and vault maps discovered:
D:1:      wheals_arrival_linesprint, layout_loops_ring
D:2:      layout_loops_cross, minmay_vboxes, uniq_terence, uniq_robin

Action                   || total
-------------------------++-------
Melee: Short sword       ||     1
 Fire: Shortbow          ||    47
  Use: Scroll            ||     4
       Potion            ||     2
Armor: Leather armour    ||     9
Dodge: Dodged            ||    15

Table legend:
 A = Non-vault XP
 B = Vault XP
 C = Vault XP percentage of total XP
 D = Non-vault monster count
 E = Vault monster count
 F = Vault count percentage of total count
                 A         B        C        D         E       F
            +---------+---------+-------+---------+---------+-------
      Total |      36 |       0 |   0.0 |      14 |       0 |   0.0
            +---------+---------+-------+---------+---------+-------
        D:1 |      22 |       0 |   0.0 |      13 |       0 |   0.0
        D:2 |      14 |       0 |   0.0 |       1 |       0 |   0.0
            +---------+---------+-------+---------+---------+-------
